 Dungeon Crawl Stone Soup version 0.22.0 (webtiles) character file.

33277 glosham the Deadly Accurate (level 13, 154/154 HPs)
             Began as an Ogre Arcane Marksman on Aug 8, 2018.
             Was a High Priest of Trog.
             Quit the game on level 4 of the Lair of Beasts on Aug 10, 2018.
             The game lasted 05:40:19 (12761 turns).

glosham the Deadly Accurate (Ogre Arcane Marksman) Turns: 12761, Time: 05:40:20

Health: 154/154    AC:  6    Str: 23    XL:     13   Next: 69%
Magic:  15/15      EV: 10    Int: 14    God:    Trog [*****.]
Gold:   844        SH:  0    Dex: 12    Spells: 15/15 levels left

rFire    . . .     SeeInvis .   a - +2 hunting sling (flame)
rCold    + . .     Gourm    .   (no shield)
rNeg     . . .     Faith    .   X - +0 steam dragon scales
rPois    .         Spirit   +   W - +0 hat
rElec    +         Reflect  .   Y - scarf {Spirit}
rCorr    .         Harm     .   (gloves unavailable)
MR       +....                  (boots unavailable)
Stlth    +.........             z - amulet of regeneration
HPRegen  0.75/turn              A - +3 ring of strength
MPRegen  0.14/turn              B - ring "Sipeiboq" {rElec rC+ Dex+2}

@: no status effects
A: large, unfitting armour, tough skin 1
a: Berserk, Trog's Hand, Brothers in Arms, Renounce Religion


You were on level 4 of the Lair of Beasts.
You worshipped Trog.
Trog was extremely pleased with you.
You were not hungry.

You visited 2 branches of the dungeon, and saw 15 of its levels.
You also visited: Labyrinth.

You collected 1020 gold pieces.
You spent 176 gold pieces at shops.

Inventory:

Hand Weapons
 a - a +2 hunting sling of flaming (weapon)
 b - the +8 morningstar "Ogrebane" {drain, rF+ Str+3 Int+4 Dex-3}
   (You found it on level 4 of the Lair of Beasts)

   A truly terrible weapon, it drains the life of those it strikes.
   It affects your strength (+3).
   It affects your intelligence (+4).
   It affects your dexterity (-3).
   It protects you from fire.
 c - the +5 spear "Efonalei" {drain, +Blink rPois}
   (You found it on level 2 of the Lair of Beasts)

   A truly terrible weapon, it drains the life of those it strikes.
   It protects you from poison.
   It lets you blink.
 d - the +1 mace "Otropsuth" {drain, +Fly rC- rN+++ Stlth+}
   (You found it in a labyrinth)

   A truly terrible weapon, it drains the life of those it strikes.
   It makes you vulnerable to cold.
   It renders you almost immune to negative energy.
   It lets you fly.
   It makes you more stealthy.
Missiles
 f - 9 large rocks
 u - 16 needles of sleeping
 v - 2 tomahawks of returning
 H - a poisoned tomahawk
 J - a throwing net
 L - 29 sling bullets
 N - 15 javelins
 Q - 4 steel javelins
 S - 3 javelins of penetration
 T - 424 stones (quivered)
 U - 10 tomahawks
Armour
 K - a +0 cloak
 V - a scarf of repulsion
 W - a +0 hat (worn)
 X - +0 steam dragon scales (worn)
 Y - a scarf of spirit shield (worn)
Jewellery
 z - an amulet of regeneration (around neck)
 A - a +3 ring of strength (left hand)
 B - the ring "Sipeiboq" (right hand) {rElec rC+ Dex+2}
   (You found it in a labyrinth)

   [ring of protection from cold]

   It affects your dexterity (+2).
   It protects you from cold.
   It insulates you from electricity.
 D - an uncursed ring of fire
 E - an uncursed ring of fire
 F - an uncursed ring of flight
 I - an uncursed ring of see invisible
 M - an uncursed amulet of guardian spirit {unknown}
 P - an uncursed ring of poison resistance
Wands
 g - a wand of digging (7)
 h - a wand of polymorph (23)
 i - a wand of disintegration (16)
 j - a wand of iceblast (18)
 w - a wand of acid (20)
 R - a wand of paralysis (14)
Scrolls
 k - 4 scrolls of teleportation
 l - 4 scrolls of blinking
 m - 3 scrolls of fog
 n - 3 scrolls of magic mapping
 o - 2 scrolls of remove curse
 p - 3 scrolls of enchant weapon
Potions
 q - 2 potions of ambrosia
 r - 9 potions of curing
 s - 3 potions of heal wounds
 t - a potion of lignification
 x - 3 potions of agility
 y - 4 potions of might
 C - 2 potions of mutation {!q}
 G - a potion of berserk rage {unknown}
 O - a potion of brilliance {unknown}
 Z - a potion of magic {unknown}
Comestibles
 e - 34 rations


   Skills:
 + Level 16.3 Fighting
 * Level 17.6 Throwing
 - Level 1.7 Dodging
 - Level 1.7 Spellcasting
   Level 2.6 Hexes


You had 15 spell levels left.
You didn't know any spells.
Your spell library contained the following spells:

 Spells                   Type           Power        Failure   Level  Hunger
 Cause Fear               Hex            #.........   63%         4    #####..
 Fireball                 Conj/Fire      #.........   100%        5    ######.
 Conjure Flame            Conj/Fire      #.......     58%         3    ####...
 Slow                     Hex            #.......     12%         2    ###....
 Throw Flame              Conj/Fire      #.....       36%         2    ###....
 Sticky Flame             Conj/Fire      #.......     94%         4    #####..
 Corpse Rot               Necr           N/A          36%         2    ###....
 Stone Arrow              Conj/Erth      #.....       58%         3    ####...
 Spider Form              Tmut/Pois      #.........   58%         3    ####...
 Blade Hands              Tmut           #.........   100%        5    ######.
 Ice Form                 Ice/Tmut       #.......     94%         4    #####..
 Flame Tongue             Conj/Fire      #....        24%         1    ##.....
 Sticks to Snakes         Tmut           #.......     36%         2    ###....
 Corona                   Hex            #......      9%          1    ##.....
 Portal Projectile        Hex/Tloc       #.....       38%         3    ####...
 Leda's Liquefaction      Hex/Erth       #.........   80%         4    #####..
 Summon Hydra             Summ           #.........   100%        7    #######
 Inner Flame              Hex/Fire       #.......     38%         3    ####...
 Beastly Appendage        Tmut           #.....       24%         1    ##.....
 Summon Forest            Summ/Tloc      #.........   100%        5    ######.
 Hydra Form               Tmut           #.........   100%        6    #######


Dungeon Overview and Level Annotations

Branches:
Dungeon (11/15)            Temple (0/1) D:7            Lair (4/6) D:11
 Shoals (0/4) Lair:4       Spider (0/4) Lair:2          Orc (0/2) D:10

Altars:
Okawaru
Qazlal
Trog
Zin

Shops:
D:5 *


Innate Abilities, Weirdness & Mutations

You are too large for most types of armour.
You have tough skin. (AC +1)


Message History

< or
A - a +3 ring of strength; > or
F - a ring of flight You remove your ring of flight.
You float gracefully downwards.
B - the ring "Sipeiboq" (right hand) {rElec rC+ Dex+2}
Okay, then.
Wield which item (- for none, * to show all)? (? for menu, Esc to quit)
Your +2 hunting sling of flaming stops flaming.
You feel stronger.
You feel clever.
You feel clumsy.
You sense an unholy aura.
C - the +8 morningstar "Ogrebane" (weapon)
{drain, rF+ Str+3 Int+4 Dex-3} Adjust (i)tems, (s)pells, or (a)bilities?
Adjust which item? (? for menu, Esc to quit)
c - the +1 mace "Otropsuth" {drain, +Fly rC- rN+++ Stlth+} Adjust to which letter? (? for menu, Esc to quit)
d - the +1 mace "Otropsuth" {drain, +Fly rC- rN+++ Stlth+}
c - 2 potions of mutation {!q} Adjust (i)tems, (s)pells, or (a)bilities?
Adjust which item? (? for menu, Esc to quit)
b - the +5 spear "Efonalei" {drain, +Blink rPois} Adjust to which letter? (? for menu, Esc to quit)
c - the +5 spear "Efonalei" {drain, +Blink rPois}
b - 2 potions of mutation {!q} Adjust (i)tems, (s)pells, or (a)bilities?
Adjust which item? (? for menu, Esc to quit)
C - the +8 morningstar "Ogrebane" (weapon)
{drain, rF+ Str+3 Int+4 Dex-3} Adjust to which letter? (? for menu, Esc to quit)
b - the +8 morningstar "Ogrebane" (weapon)
{drain, rF+ Str+3 Int+4 Dex-3}
C - 2 potions of mutation {!q} Your +2 hunting sling of flaming bursts into flame!
a - a +2 hunting sling of flaming (weapon)
Drop what? 52/52 slots (_ for help) (? for menu, Esc to quit)
Okay, then.
Saving game... please wait.
Welcome back, glosham the Ogre Arcane Marksman.
Trog says: Kill them all!
Press ? for a list of commands and other information.
Are you sure you want to abandon this character and quit the game? (Confirm with "yes".)

.)..........≈≈..≈≈≈≈≈≈≈≈≈≈≈≈.≈≈≈.
.............≈...≈≈≈≈≈≈≈≈≈≈....≈.
..............≈..≈≈≈≈≈≈≈≈≈≈≈.....
.......÷......≈≈≈≈≈≈≈≈≈≈≈≈≈≈≈≈≈..
..............≈≈≈≈≈≈..[.≈≈≈≈≈≈...
<...............≈≈≈≈).>.≈≈≈≈≈....
..............≈≈≈≈≈≈"...≈≈≈≈≈≈...
.............≈≈.≈≈≈≈≈≈≈≈≈≈≈≈≈≈≈..
.........#....≈.@≈≈≈≈≈≈≈≈≈≈≈.≈...
...PP........≈...≈≈≈≈≈≈≈≈≈≈...≈≈.
#...P#.......≈≈.≈≈≈≈≈≈≈≈≈≈≈≈.≈≈..
.†..........≈≈≈≈.≈≈≈≈..≈≈≈≈.≈≈≈≈#
..........#≈.≈≈≈≈..........≈≈≈≈.#
##.........#⌠.≈≈≈..........≈≈≈.⌠#
##P.......###.....#..........####
#.........####..............##
#..........# ###...........##


There were no monsters in sight!

Vanquished Creatures
  Gastronok (Lair:2)
  A minotaur (Lab)
  A hydra (Lair:1)
  An ice dragon (Lair:4)
  2 two-headed ogres
  A queen ant (Lair:3)
  2 ugly things (D:11)
  An elephant (Lair:3)
  A manticore (Lair:4)
  2 black mambas (Lair:4)
  An ice statue (Lair:4)
  9 spiny frogs
  2 rime drakes (Lair:1)
  2 komodo dragons
  A troll (D:11)
  4 polar bears (Lair:4)
  A queen bee (Lair:3)
  3 jumping spiders (Lair:2)
  12 blink frogs
  Grinder (D:3)
  6 hippogriffs
  5 redbacks (Lair:2)
  2 shadows (Lab)
  2 wyverns
  Eustachio (D:5)
  15 yaks
  A hungry ghost (D:5)
  Grum (D:8)
  4 basilisks
  A steam dragon (Lair:3)
  A soldier ant (Lair:3)
  10 water moccasins
  3 porcupines
  6 ice beasts
  6 orc warriors
  A black bear (D:6)
  4 sky beasts
  2 phantoms
  2 necrophages
  6 wolves
  7 ogres
  6 centaurs
  9 crocodiles
  3 big kobolds
  11 bullfrogs
  Blork the orc (D:4)
  2 wyvern zombies (D:10)
  3 scorpions
  A water moccasin skeleton (D:9)
  30 killer bees
  4 howler monkeys
  10 crimson imps
  4 jellies
  2 quasits
  A centaur zombie (D:5)
  7 hounds
  4 orc priests
  A bullfrog skeleton (D:11)
  2 centaur skeletons (D:7)
  4 gnoll shamans
  2 iguanas
  21 orc wizards
  31 worker ants
  Terence (D:3)
  A worker ant zombie (D:9)
  40 gnolls
  14 adders
  A river rat (Lair:3)
  3 shadow imps
  3 white imps (Lair:4)
  An ooze (D:6)
  2 worms (D:4)
  A dart slug (D:1)
  5 leopard geckos
  42 orcs
  A ball python (D:8)
  7 bats
  5 giant cockroaches
  3 goblins
  3 hobgoblins
  34 jackals
  12 kobolds
  7 quokkas
  4 frilled lizards
  2 leopard gecko skeletons
  A quokka skeleton (D:8)
  8 rats
495 creatures vanquished.

Vanquished Creatures (others)
  2 fungi
  9 plants
11 creatures vanquished.

Grand Total: 506 creatures vanquished

Notes
Turn   | Place    | Note
-------+----------+-------------------------------------------
     0 | D:1      | glosham the Ogre Arcane Marksman began the quest for the Orb.
     0 | D:1      | Reached XP level 1. HP: 19/19 MP: 2/2
   123 | D:1      | Reached XP level 2. HP: 10/28 MP: 0/4
   545 | D:1      | Reached skill level 2 in Fighting
   746 | D:2      | Found a bloodstained altar of Trog.
   754 | D:2      | Became a worshipper of Trog the Wrathful
   810 | D:2      | Reached XP level 3. HP: 34/35 MP: 5/5
   933 | D:2      | Reached skill level 3 in Throwing
  1192 | D:3      | Noticed Terence
  1201 | D:3      | Killed Terence
  1201 | D:3      | Reached XP level 4. HP: 44/44 MP: 6/6
  1238 | D:3      | Reached skill level 3 in Fighting
  1315 | D:3      | Reached * piety under Trog
  1315 | D:3      | Reached skill level 4 in Throwing
  1325 | D:3      | Reached XP level 5. HP: 53/53 MP: 7/7
  1720 | D:3      | Noticed Grinder
  1723 | D:3      | Killed Grinder
  1723 | D:3      | Reached skill level 4 in Fighting
  1723 | D:3      | Reached skill level 5 in Throwing
  1723 | D:3      | Reached XP level 6. HP: 65/65 MP: 8/8
  1787 | D:3      | Reached skill level 5 in Fighting
  1804 | D:3      | Reached skill level 6 in Throwing
  1804 | D:3      | Reached XP level 7. HP: 35/72 MP: 9/9
  2213 | D:4      | Reached ** piety under Trog
  2235 | D:4      | Reached skill level 6 in Fighting
  2309 | D:4      | Noticed Blork the orc
  2327 | D:4      | Killed Blork the orc
  2327 | D:4      | Reached skill level 7 in Throwing
  2466 | D:5      | Entered Level 5 of the Dungeon
  2477 | D:5      | Reached XP level 8. HP: 82/84 MP: 10/10
  2650 | D:5      | Reached skill level 7 in Fighting
  2667 | D:5      | Reached skill level 8 in Throwing
  2716 | D:5      | Found Qoeff's General Store.
  3062 | D:5      | Reached skill level 8 in Fighting
  3062 | D:5      | Reached skill level 9 in Throwing
  3217 | D:5      | Reached *** piety under Trog
  3306 | D:5      | Noticed Eustachio
  3314 | D:5      | Killed Eustachio
  3314 | D:5      | Reached XP level 9. HP: 97/97 MP: 11/11
  3412 | D:5      | Received a gift from Trog
  3649 | D:5      | Reached skill level 9 in Fighting
  3691 | D:5      | Reached skill level 10 in Throwing
  3975 | D:6      | Found a stormy altar of Qazlal.
  4323 | D:6      | Upgraded the game from 0.22-b1-26-g9dbaab1 to 0.22-b1-59-g0aedee7
  4372 | D:6      | Reached **** piety under Trog
  4903 | D:7      | Reached skill level 10 in Fighting
  4909 | D:7      | Reached skill level 11 in Throwing
  4915 | D:7      | Reached XP level 10. HP: 103/111 MP: 12/12
  4980 | D:7      | Received a gift from Trog
  5305 | D:7      | Received a gift from Trog
  5444 | D:7      | Reached skill level 11 in Fighting
  5447 | D:7      | Reached skill level 12 in Throwing
  5839 | D:7      | Found a staircase to the Ecumenical Temple.
  5972 | D:8      | Noticed Grum
  5986 | D:8      | Received a gift from Trog
  5993 | D:8      | Killed Grum
  6214 | D:8      | Found a glowing silver altar of Zin.
  6239 | D:8      | Found an iron altar of Okawaru.
  6429 | D:8      | Noticed a two-headed ogre
  6441 | D:8      | Killed a two-headed ogre
  6441 | D:8      | Received a gift from Trog
  6441 | D:8      | Reached skill level 12 in Fighting
  6441 | D:8      | Reached skill level 13 in Throwing
  6441 | D:8      | Reached XP level 11. HP: 123/123 MP: 13/13
  6746 | D:8      | Received a gift from Trog
  6904 | D:5      | Bought a scroll of remove curse for 33 gold pieces
  6904 | D:5      | Bought a potion of degeneration for 11 gold pieces
  6904 | D:5      | Bought a potion of might for 44 gold pieces
  6904 | D:5      | Bought a potion of mutation for 88 gold pieces
  7590 | D:9      | Reached ***** piety under Trog
  7715 | D:10     | Entered Level 10 of the Dungeon
  7841 | D:10     | Received a gift from Trog
  7992 | D:10     | Found a staircase to the Orcish Mines.
  8301 | D:11     | Noticed a purple ugly thing
  8310 | D:11     | Killed a purple ugly thing
  8310 | D:11     | Reached skill level 14 in Throwing
  8370 | D:11     | Noticed a two-headed ogre
  8488 | D:11     | Killed a two-headed ogre
  8488 | D:11     | Reached skill level 13 in Fighting
  8527 | D:11     | Found a labyrinth entrance.
  8546 | Lab      | Entered a labyrinth
  8662 | Lab      | Noticed a minotaur
  8671 | Lab      | Killed a minotaur
  8682 | Lab      | Identified the ring "Sipeiboq" {rElec rC+ Dex+2} (You found it in a labyrinth)
  8683 | Lab      | Identified the cursed +1 mace "Otropsuth" {drain, +Fly rC- rN+++ Stlth+} (You found it in a labyrinth)
  9006 | D:11     | Noticed a brown ugly thing
  9012 | D:11     | Killed a brown ugly thing
  9051 | D:11     | Found a staircase to the Lair.
  9173 | D:11     | Reached XP level 12. HP: 137/137 MP: 14/14
  9298 | Lair:1   | Entered Level 1 of the Lair of Beasts
  9302 | Lair:1   | Received a gift from Trog
  9337 | Lair:1   | Reached skill level 15 in Throwing
  9436 | Lair:1   | Reached skill level 14 in Fighting
  9721 | Lair:1   | Noticed an eight-headed hydra
  9726 | Lair:1   | Killed an eight-headed hydra
  9842 | Lair:1   | Received a gift from Trog
 10024 | Lair:2   | Found a hole to the Spider Nest.
 10289 | Lair:2   | Noticed Gastronok
 10298 | Lair:2   | Killed Gastronok
 10298 | Lair:2   | Reached skill level 15 in Fighting
 10298 | Lair:2   | Reached skill level 16 in Throwing
 10609 | Lair:2   | Got a pitted spear
 10629 | Lair:2   | Identified the +5 spear "Efonalei" {drain, +Blink rPois} (You found it on level 2 of the Lair of Beasts)
 10765 | Lair:3   | Noticed a queen ant
 10782 | Lair:3   | Killed a queen ant
 10782 | Lair:3   | Reached XP level 13. HP: 150/150 MP: 15/15
 10795 | Lair:3   | Received a gift from Trog
 11163 | Lair:3   | Received a gift from Trog
 11328 | Lair:3   | Received a gift from Trog
 11343 | Lair:3   | Reached skill level 17 in Throwing
 12081 | Lair:4   | Reached skill level 16 in Fighting
 12117 | Lair:4   | Found a staircase to the Shoals.
 12402 | Lair:4   | Noticed an ice dragon
 12409 | Lair:4   | Killed an ice dragon
 12733 | Lair:4   | Got a steaming morningstar
 12759 | Lair:4   | Identified the +8 morningstar "Ogrebane" {drain, rF+ Str+3 Int+4 Dex-3} (You found it on level 4 of the Lair of Beasts)
 12761 | Lair:4   | Upgraded the game from 0.22-b1-59-g0aedee7 to 0.22.0
 12761 | Lair:4   | Quit the game

Skill      XL: |  1  2  3  4  5  6  7  8  9 10 11 12 13 |
---------------+----------------------------------------+-----
Fighting       | 2 3 4 5 6 8 10 12 13 15 16 | 16.3
Throwing       | 3 4 5 6 7 9 11 13 14 16 17 | 17.6
Dodging        | |  1.7
Spellcasting   | |  1.7
Hexes          | |  2.6

Action                   |  1- 3 |  4- 6 |  7- 9 | 10-12 | 13-15 || total
-------------------------+-------+-------+-------+-------+-------++-------
Melee: Club              |     8 |       |       |       |       ||     8
       Mace              |    63 |       |       |       |       ||    63
       Unarmed           |     4 |       |       |       |       ||     4
       War axe           |     2 |    25 |       |       |       ||    27
       Flail             |       |       |    47 |    66 |       ||   113
       Spear             |       |       |       |       |    19 ||    19
 Fire: Hunting sling     |     9 |    50 |   345 |   381 |   179 ||   964
Throw: Stone             |    31 |       |    40 |       |       ||    71
       Large rock        |     4 |     3 |     9 |    34 |     4 ||    54
       Throwing net      |     1 |       |       |     3 |       ||     4
       Tomahawk          |       |       |    60 |   212 |   113 ||   385
       Javelin           |       |       |       |    60 |   111 ||   171
 Cast: Corona            |    23 |       |       |       |       ||    23
Invok: Berserk           |       |     1 |     4 |     3 |       ||     8
       Brothers in Arms  |       |       |       |     1 |       ||     1
 Abil: Evoke Berserk Rag |     1 |     1 |       |       |       ||     2
       Evoke Flight      |       |       |       |       |     3 ||     3
       Stop Flying       |       |       |       |       |     1 ||     1
Evoke: Wand              |       |       |       |     4 |     3 ||     7
  Use: Scroll            |     3 |     3 |     2 |    14 |       ||    22
       Potion            |       |     3 |       |     2 |       ||     5
 Stab: Invisible         |       |     1 |       |       |       ||     1
  Eat: Chunk             |     2 |     3 |    14 |    22 |     4 ||    45
       Ration            |       |       |       |       |     1 ||     1
Armor: Robe              |    32 |    17 |    32 |    42 |     5 ||   128
       Skin              |       |    31 |       |       |       ||    31
       Steam dragon scal |       |       |       |       |    21 ||    21
Dodge: Dodged            |    45 |    23 |    63 |   119 |    71 ||   321

Table legend:
 A = Turns spent in this place as a percentage of turns spent in the entire game.
 B = Non-inter-level travel turns spent in this place as a percentage of non-inter-level travel turns spent in the entire game.
 C = Inter-level travel turns spent in this place as a percentage of turns spent in this place.
 D = Turns resting spent in this place as a percentage of non-inter-level travel turns spent in this place.
 E = Turns spent auto-exploring this place as a percentage of non-inter-level travel turns spent in this place.
 F = Non-inter-level travel turns spent in this place divided by the number of levels of this place that you've seen.
                   A       B       C       D       E      F
               +-------+-------+-------+-------+-------+----------------------
         Total | 100.0 | 100.0 |   7.0 |   0.5 |   2.3 | 741.5
       Dungeon |  71.6 |  71.3 |   7.5 |   0.6 |   2.9 | 768.6
          Lair |  27.1 |  27.4 |   6.0 |   0.3 |   0.8 | 812.8
     Labyrinth |   1.2 |   1.3 |   0.0 |   0.0 |   0.0 | 158.0
               +-------+-------+-------+-------+-------+----------------------

Table legend:
 A = Kills in this place as a percentage of kills in entire the game.
 B = Kills by you in this place as a percentage of kills by you in the entire game.
 C = Kills by friends in this place as a percentage of kills by friends in the entire game.
 D = Other kills in this place as a percentage of other kills in the entire game.
 E = Experience gained in this place as a percentage of experience gained in the entire game.
 F = Experience gained in this place divided by the number of levels of this place that you have seen.
                   A       B       C       D       E      F
               +-------+-------+-------+-------+-------+----------------------
         Total | 100.0 | 100.0 |   N/A |   N/A | 100.0 | 2971.2
       Dungeon |  69.7 |  69.7 |   N/A |   N/A |  35.4 | 1527.8
          Lair |  29.7 |  29.7 |   N/A |   N/A |  61.2 | 7275.0
     Labyrinth |   0.6 |   0.6 |   N/A |   N/A |   3.4 | 1633.0
               +-------+-------+-------+-------+-------+----------------------

Vault maps used:
D:1:      minmay_arrival_wavy_path
D:2:      bloody_trog
D:3:      uniq_terence, uniq_grinder
D:4:      uniq_blork_the_orc
D:5:      lemuel_castle_with_subvaults, serial_shops, nicolae_shop_stone,
          first_ration, hangedman_decor_opposing, uniq_eustachio
D:6:      nicolae_qazlal_style_of_elements, kennysheep_another_room
D:7:      kennysheep_windowed_halls, temple_hall, hangedman_decor_growths,
          grunt_ogre_cave
D:8:      chequers_temple_overflow_statue_of_worship, uniq_grum
D:10:     orc_0_dummy
D:11:     lair_entry_dummy, lab_entry_generic
Lair:2:   nicolae_spider_entry_tight_spaces, serial_bayou_shore_a,
          uniq_gastronok
Lair:3:   regret_index_wax_grids, minmay_another_anthill, lemuel_fruit_fields
Lair:4:   minmay_shoals_entry_beasts, st_stairs_13, ice2_lemuel
Lab:      labyrinth_hidden_loot, labyrinth_glass_1, lab_statue
